 Dungeon Crawl Stone Soup version 0.20-a0-870-g4070442 (webtiles) character file.

57 Dharzhak the Ruffian (level 3, -5/29 HPs)
             Began as a Draconian Transmuter on Mar 12, 2017.
             Killed by divine providence
             ... invoked by an orc priest
              (13 damage)
             ... on level 3 of the Dungeon on Mar 13, 2017.
             The game lasted 00:04:54 (2429 turns).

Dharzhak the Ruffian (Draconian Transmuter)         Turns: 2429, Time: 00:04:55

Health: -5/29      AC:  6    Str: 13    XL:     3   Next: 73%
Magic:  5/6        EV: 12    Int: 13    God:
Gold:   140        SH:  0    Dex: 11    Spells: 5/6 levels left

rFire    . . .     SeeInvis .     - Unarmed
rCold    . . .     Gourm    .   (armour unavailable)
rNeg     . . .     Faith    .   (no shield)
rPois    .         Spirit   .   (helmet restricted)
rElec    .         Reflect  .   i - +0 cloak
rCorr    .         Harm     .   (no gloves)
MR       .....                  (boots currently unavailable)
Stlth    +.........             (no amulet)
Regen    0.1/turn               (no ring)
MPRegen  0.1/turn               (no ring)

@: appendage
A: unfitting armour, talons 3, cold-blooded, AC +5
a: End Transformation


You were on level 3 of the Dungeon.
You were not hungry.
You had grown temporary talons.
You visited 1 branch of the dungeon, and saw 3 of its levels.

You collected 140 gold pieces.

Inventory:

Missiles
 a - 12 arrows
Armour
 i - a +0 cloak (worn)
Scrolls
 d - 4 scrolls of recharging {unknown}
 g - 2 scrolls of remove curse {unknown}
 k - 2 scrolls of identify {unknown}
 l - a scroll of fear {unknown}
 o - a scroll of noise {unknown}
Potions
 e - a potion of lignification {unknown}
 h - a potion of haste {unknown}
 m - a potion of degeneration {unknown}
 n - a potion of invisibility {unknown}
Books
 b - a book of Changes

   Spells                             Type                      Level
   a - Beastly Appendage              Transmutation                1
   b - Sticks to Snakes               Transmutation                2
   c - Spider Form                    Transmutation/Poison         3
   d - Ice Form                       Ice/Transmutation            4
   e - Blade Hands                    Transmutation                5
Comestibles
 c - 3 bread rations
 f - 2 meat rations
 j - 3 chunks of flesh


   Skills:
 * Level 1.8 Fighting
 * Level 2.0 Dodging
 + Level 0.2 Stealth
 * Level 3.9 Unarmed Combat
 * Level 2.2 Spellcasting
 * Level 2.4 Transmutations


You had 5 spell levels left.
You knew the following spells:

 Your Spells              Type           Power        Failure   Level  Hunger
a - Beastly Appendage     Tmut           #.....       12%         1    ##.....


Dungeon Overview and Level Annotations

Branches:
Dungeon (3/15)

Altars:


Innate Abilities, Weirdness & Mutations

Your plain brown scales are hard. (AC +5)
You cannot fit into any form of body armour.
You are cold-blooded and may be slowed by cold attacks.
You have claws for feet.


Message History

An ooze comes into view.
The ooze quivers.
The orc priest begins to cast a cantrip, but forgets the words!
An orc priest comes into view.
The orc priest shouts!
The orc closely misses you.
You hit the orc priest.
You claw the orc priest, but do no damage.
The orc priest is lightly wounded.
The orc priest closely misses you. The orc barely misses you.
You closely miss the orc priest.
You tail-slap the orc priest, but do no damage.
The orc priest invokes the aid of Beogh against you.
Beogh smites you! The orc priest hits you. The orc hits you with a mace.
* * * LOW HITPOINT WARNING * * *
The orc closely misses you.
You closely miss the orc priest. The orc misses you.
The orc priest invokes the aid of Beogh against you.
Beogh smites you!
You die...

.# #.##.# .# #.##.#
.# ###########.##.#
.#
...............##.##
######.............
#####.###.#.#..# .#
....<.#
#......##o####
#####.#
#.......@oJo.#
##..........oo......
####.....###.......
##...## #######
#####


You could see 2 orc priests, an ooze and 3 orcs.

Vanquished Creatures
  3 adders (D:2)
  A dart slug (D:2)
  2 leopard geckos (D:2)
  6 bats
  2 giant cockroaches
  A goblin (D:2)
  3 hobgoblins
  3 kobolds
  A quokka (D:3)
  2 ball pythons
  A frilled lizard (D:2)
  3 rats
28 creatures vanquished.

Notes
Turn   | Place    | Note
-------+----------+-------------------------------------------
     0 | D:1      | Dharzhak the Draconian Transmuter began the quest for the Orb.
     0 | D:1      | Reached XP level 1. HP: 16/16 MP: 3/3
   434 | D:1      | Reached XP level 2. HP: 23/23 MP: 5/5
  1599 | D:2      | Reached XP level 3. HP: 17/28 MP: 6/6
  1953 | D:2      | Upgraded the game from 0.20-a0-864-g92acfd1 to 0.20-a0-870-g4070442
  2429 | D:3      | Killed from afar by an orc priest

Vault maps used:
D:1:      elethiomel_arrival_infinity_welcomes_careful_drivers, minivault_11
D:2:      first_bread
D:3:      grunt_decor_resistance, uniq_terence, uniq_sigmund

Skill      XL: |  1  2  3 |
---------------+----------+-----
Dodging        | 2 |  2.0
Fighting       | |  1.8
Stealth        | |  0.2
Unarmed Combat | |  3.9
Spellcasting   | |  2.2
Transmutations | |  2.4

Action                   || total
-------------------------++-------
Melee: Unarmed           ||   119
       Tailslap          ||    10
       Kick              ||     3
       Headbutt          ||     4
       Punch             ||     1
 Cast: Beastly Appendage ||    13
  Eat: Chunk             ||     5
Armor: Skin              ||    51
Dodge: Dodged            ||    96
